BR (22 & UNDER)
GRAND RAPIDS DUTCH OVENS @ YELLOWKNIFE CLAWS
07/23/2030
 
TOP OF THE 1ST
Grand Rapids Dutch Ovens batting - Pitching for Yellowknife Claws : LHP Alfredo Ruíz
Pitching: LHP Alfredo Ruíz
Batting: LHB José Martínez 0-0: Ball
1-0: Fly out, F7 (Flyball, 7S)
Batting: LHB Brad Fuller 0-0: Ball
1-0: Ball
2-0: Called Strike
2-1: Ball
3-1: SINGLE (Flyball, 8LS)
Batting: RHB Earl Davis 0-0: Called Strike
0-1: Ball
1-1: Foul Ball, location: 2F
1-2: Fly out, F6 (Popup, 6M)
Batting: RHB Rich Bradley 0-0: Called Strike
0-1: Called Strike
0-2: Fly out, F8 (Line Drive, 8LS)
Top of the 1st over - 0 runs, 1 hit, 0 errors, 1 left on base; Grand Rapids 0 - Yellowknife 0
BOTTOM OF THE 1ST
Yellowknife Claws batting - Pitching for Grand Rapids Dutch Ovens : RHP Cristo Corona
Pitching: RHP Cristo Corona
Batting: RHB Mike Morrow 0-0: Foul Ball, location: 2F
0-1: Foul Ball, location: 2F
0-2: SINGLE (Line Drive, 7S)
Batting: RHB Preston Church 0-0: Ball
1-0: Swinging Strike
1-1: SINGLE (Flyball, 9LS)
Mike Morrow to second
Runner from 2nd tries for 3rd, SAFE, no throw
Batting: LHB Richard Shelton 0-0: Ball
1-0: Called Strike
1-1: Foul Ball, location: 2F
1-2: Fly out, F8 (Flyball, 8LD)
Runner from 3rd tags up, SCORES, throw made
Batting: RHB Tomás Díaz 0-0: Ball
1-0: Called Strike
1-1: Foul Ball, location: 2F
1-2: Foul Ball, location: 2F
1-2: Fly out, F8 (Flyball, 8RD)
Batting: RHB Ernesto Sánchez 0-0: Ball
1-0: Foul Ball, location: 2F
1-1: Ball
2-1: Ball
3-1: Base on Balls
Preston Church to second
Batting: LHB Mike Bowers 0-0: Ball
1-0: Foul Ball, location: 2F
1-1: Swinging Strike
1-2: Fly out, F8 (Flyball, 8RD)
Bottom of the 1st over - 1 run, 2 hits, 0 errors, 2 left on base; Grand Rapids 0 - Yellowknife 1
TOP OF THE 2ND
Grand Rapids Dutch Ovens batting - Pitching for Yellowknife Claws : LHP Alfredo Ruíz
Batting: LHB Gregory Pérez 0-0: Swinging Strike
0-1: Foul Ball, location: 2F
0-2: Strikes out swinging
Batting: RHB Jason Heddon 0-0: Swinging Strike
0-1: Ground out 5-3 (Groundball, 56)
Batting: RHB Juan Valdéz 0-0: Called Strike
0-1: Ball
1-1: Foul Ball, location: 2F
1-2: Ball
2-2: Fly out, F8 (Flyball, 8RD)
Top of the 2nd over - 0 runs, 0 hits, 0 errors, 0 left on base; Grand Rapids 0 - Yellowknife 1
BOTTOM OF THE 2ND
Yellowknife Claws batting - Pitching for Grand Rapids Dutch Ovens : RHP Cristo Corona
Batting: LHB Otis Campbell 0-0: Ball
1-0: Foul Ball, location: 2F
1-1: Ball
2-1: Fly out, F7 (Flyball, 7S)
Batting: RHB Bartolo Luján 0-0: Foul Ball, location: 2F
0-1: Called Strike
0-2: Strikes out swinging
Batting: LHB Ramón Reynoso 0-0: Called Strike
0-1: Swinging Strike
0-2: Foul Ball, location: 2F
0-2: Ground out U3 (Groundball, 3L)
Bottom of the 2nd over - 0 runs, 0 hits, 0 errors, 0 left on base; Grand Rapids 0 - Yellowknife 1
TOP OF THE 3RD
Grand Rapids Dutch Ovens batting - Pitching for Yellowknife Claws : LHP Alfredo Ruíz
Batting: LHB Robert Wright 0-0: Swinging Strike
0-1: Ball
1-1: Ball
2-1: Called Strike
2-2: Ball
3-2: Base on Balls
Batting: LHB Warren Rincón 0-0: Ball
1-0: Ball
2-0: Called Strike
2-1: Foul Ball, location: 2F
2-2: Ball
3-2: Base on Balls
Robert Wright to second
Batting: LHB José Martínez 0-0: Ball
1-0: Foul Ball, location: 2F
1-1: Swinging Strike
1-2: Ball
2-2: Strikes out swinging
Batting: LHB Brad Fuller 0-0: Ball
1-0: Called Strike
1-1: Swinging Strike
1-2: Ball
2-2: Ball
3-2: Base on Balls
Robert Wright to third
Warren Rincón to second
Batting: RHB Earl Davis 0-0: Ball
1-0: Foul Ball, location: 2F
1-1: Fly out, F8 (Flyball, 8RD)
Runner from 3rd tags up, OUT at HOME
Top of the 3rd over - 0 runs, 0 hits, 0 errors, 2 left on base; Grand Rapids 0 - Yellowknife 1
BOTTOM OF THE 3RD
Yellowknife Claws batting - Pitching for Grand Rapids Dutch Ovens : RHP Cristo Corona
Batting: RHB Mike Morrow 0-0: Ball
1-0: Ball
2-0: SINGLE (Line Drive, 4MD)
Batting: RHB Preston Church 0-0: Called Strike
0-1: Ball
1-1: Ball
2-1: Swinging Strike
2-2: Foul Ball, location: 2F
2-2: Strikes out swinging
Batting: LHB Richard Shelton 0-0: Ball
1-0: Ball
2-0: Called Strike
2-1: Swinging Strike
2-2: Strikes out swinging
Batting: RHB Tomás Díaz 0-0: SINGLE (Line Drive, 6) (infield hit)
Mike Morrow to second
Batting: RHB Ernesto Sánchez 0-0: Swinging Strike
0-1: Fly out, F8 (Flyball, 8RM)
Bottom of the 3rd over - 0 runs, 2 hits, 0 errors, 2 left on base; Grand Rapids 0 - Yellowknife 1
TOP OF THE 4TH
Grand Rapids Dutch Ovens batting - Pitching for Yellowknife Claws : LHP Alfredo Ruíz
Batting: RHB Rich Bradley 0-0: Called Strike
0-1: Ball
1-1: Ball
2-1: Foul Ball, location: 2F
2-2: Strikes out swinging
Batting: LHB Gregory Pérez 0-0: Called Strike
0-1: Called Strike
0-2: Strikes out swinging, 2-3 out at first.
Batting: RHB Jason Heddon 0-0: Ball
1-0: Fly out, F8 (Flyball, 8RD)
Top of the 4th over - 0 runs, 0 hits, 0 errors, 0 left on base; Grand Rapids 0 - Yellowknife 1
BOTTOM OF THE 4TH
Yellowknife Claws batting - Pitching for Grand Rapids Dutch Ovens : RHP Cristo Corona
Batting: LHB Mike Bowers 0-0: Ball
1-0: Ball
2-0: Called Strike
2-1: Foul Ball, location: 2F
2-2: Ball
3-2: Base on Balls
Batting: LHB Otis Campbell 0-0: Ball
1-0: Called Strike
1-1: Called Strike
1-2: Foul Ball, location: 2F
1-2: Ball
2-2: Ground out 6-3 (Groundball, 56D)
Mike Bowers to second
Batting: RHB Bartolo Luján 0-0: SINGLE (Line Drive, 7S)
Mike Bowers to third
Runner from 3rd tries for Home, SAFE, no throw
Batting: LHB Ramón Reynoso 0-0: Ball
1-0: Fly out, F4 (Line Drive, 4)
Lined into DP, 4-3 (Line Drive, 4)
Bottom of the 4th over - 1 run, 1 hit, 0 errors, 0 left on base; Grand Rapids 0 - Yellowknife 2
TOP OF THE 5TH
Grand Rapids Dutch Ovens batting - Pitching for Yellowknife Claws : LHP Alfredo Ruíz
Batting: RHB Juan Valdéz 0-0: Ball
1-0: Called Strike
1-1: SINGLE (Line Drive, 4MD)
Batting: LHB Robert Wright 0-0: Ball
1-0: Foul Ball, location: 2F
1-1: Foul Ball, location: 2F
1-2: Fly out, F7 (Flyball, 78S)
Batting: LHB Warren Rincón 0-0: Called Strike
0-1: Ball
1-1: Foul Ball, location: 2F
1-2: Foul Ball, location: 2F
1-2: Foul Ball, location: 2F
1-2: Ball
2-2: Strikes out swinging
Batting: LHB José Martínez 0-0: Ball
1-0: Fly out, F7 (Flyball, 7LM)
Top of the 5th over - 0 runs, 1 hit, 0 errors, 1 left on base; Grand Rapids 0 - Yellowknife 2
BOTTOM OF THE 5TH
Yellowknife Claws batting - Pitching for Grand Rapids Dutch Ovens : RHP Cristo Corona
Batting: RHB Mike Morrow 0-0: Foul Ball, location: 2F
0-1: Ground out 4-3 (Groundball, 4)
Batting: RHB Preston Church 0-0: Ball
1-0: Called Strike
1-1: SINGLE (Line Drive, 9LM)
Batting: LHB Richard Shelton 0-0: Called Strike
0-1: Ball
1-1: Foul Ball, location: 2F
1-2: Ball
2-2: Ball
3-2: Foul Ball, location: 2F
3-2: Ground out 4-3 (Groundball, 34)
Preston Church to second
Batting: RHB Tomás Díaz 0-0: Called Strike
0-1: Ball
1-1: Ball
Wild Pitch!
Preston Church to third
2-1: Ball
3-1: Called Strike
3-2: Foul Ball, location: 2F
3-2: Base on Balls
Pitching: RHP José Lazado
Batting: RHB Ernesto Sánchez 0-0: Ball
1-0: Called Strike
1-1: Ball
2-1: Ball
3-1: Called Strike
3-2: Ground out U3 (Groundball, 34S)
Bottom of the 5th over - 0 runs, 1 hit, 0 errors, 2 left on base; Grand Rapids 0 - Yellowknife 2
TOP OF THE 6TH
Grand Rapids Dutch Ovens batting - Pitching for Yellowknife Claws : LHP Alfredo Ruíz
Batting: LHB Brad Fuller 0-0: SINGLE (Groundball, 6) (infield hit)
Batting: RHB Earl Davis 0-0: Fly out, F8 (Flyball, 8RM)
Batting: RHB Rich Bradley 0-0: Foul Ball, location: 2F
0-1: SINGLE (Groundball, 6M) (infield hit)
Brad Fuller to second
Batting: LHB Gregory Pérez 0-0: Ball
1-0: Foul Ball, location: 2F
1-1: Ball
2-1: Fielders Choice at 2nd, 3-6 (Groundball, 34)
Brad Fuller to third
Batting: RHB Jason Heddon 0-0: Swinging Strike
0-1: Ball
1-1: Ground out 4-3 (Groundball, 4)
Top of the 6th over - 0 runs, 2 hits, 0 errors, 2 left on base; Grand Rapids 0 - Yellowknife 2
BOTTOM OF THE 6TH
Yellowknife Claws batting - Pitching for Grand Rapids Dutch Ovens : RHP José Lazado
Batting: LHB Mike Bowers 0-0: Ball
1-0: Foul Ball, location: 2F
1-1: Ball
2-1: SOLO HOME RUN (Flyball, 9D), Distance : 380 ft
Batting: LHB Otis Campbell 0-0: Ground out 6-3 (Groundball, 6S)
Batting: RHB Bartolo Luján 0-0: Ball
1-0: Foul Ball, location: 2F
1-1: Ground out 5-3 (Groundball, 56S)
Batting: LHB Ramón Reynoso 0-0: Foul Ball, location: 2F
0-1: Ball
1-1: Ball
2-1: SOLO HOME RUN (Flyball, 9D), Distance : 368 ft
Pitching: RHP Florêncio Gondar
Batting: RHB Mike Morrow 0-0: Ball
1-0: Called Strike
1-1: Called Strike
1-2: SINGLE (Line Drive, 89S)
Pitching: RHP Dong Li
Batting: RHB Preston Church 0-0: Called Strike
0-1: Foul Ball, location: 2F
0-2: Strikes out swinging
Bottom of the 6th over - 2 runs, 3 hits, 0 errors, 1 left on base; Grand Rapids 0 - Yellowknife 4
TOP OF THE 7TH
Grand Rapids Dutch Ovens batting - Pitching for Yellowknife Claws : LHP Alfredo Ruíz
Batting: RHB Juan Valdéz 0-0: Ball
1-0: Ball
2-0: Foul Ball, location: 2F
2-1: Ball
3-1: Swinging Strike
3-2: SINGLE (Line Drive, 56)
Pitching: RHP Rob Brennan
Batting: LHB Robert Wright 0-0: Called Strike
Juan Valdéz steals 2nd base
0-1: Ball
1-1: Ground out U3 (Groundball, 3S)
Juan Valdéz to third
Batting: LHB Warren Rincón 0-0: Ball
1-0: Called Strike
1-1: Foul Ball, location: 2F
1-2: Fly out, F7 (Flyball, 78S)
Runner from 3rd tags up, SCORES, no throw
Batting: LHB José Martínez 0-0: Called Strike
0-1: Swinging Strike
0-2: Ball
1-2: Strikes out swinging
Top of the 7th over - 1 run, 1 hit, 0 errors, 0 left on base; Grand Rapids 1 - Yellowknife 4
BOTTOM OF THE 7TH
Yellowknife Claws batting - Pitching for Grand Rapids Dutch Ovens : RHP Dong Li
Batting: LHB Richard Shelton 0-0: SINGLE (Groundball, 34D)
Batting: RHB Tomás Díaz 0-0: Called Strike
0-1: Ball
1-1: Ball
2-1: Foul Ball, location: 2F
2-2: Strikes out swinging
Pitching: LHP Roger Angelbeek
Batting: RHB Ernesto Sánchez 0-0: Ground out 3-1 (Groundball, 3L)
Richard Shelton to second
Batting: LHB Mike Bowers 0-0: Swinging Strike
0-1: Ball
1-1: SINGLE (Line Drive, 34)
Richard Shelton to third
Runner from 3rd tries for Home, SAFE, no throw
Pitching: RHP Luis Reyes
Batting: LHB Otis Campbell 0-0: Called Strike
0-1: SINGLE (Groundball, 6MD)
Mike Bowers to second
Runner from 2nd tries for 3rd, SAFE, no throw
Batting: RHB Bartolo Luján 0-0: Ball
1-0: Swinging Strike
1-1: Foul Ball, location: 2F
1-2: Ball
2-2: Foul Ball, location: 2F
2-2: Foul Ball, location: 2F
2-2: Ball
3-2: Strikes out swinging
Bottom of the 7th over - 1 run, 3 hits, 0 errors, 2 left on base; Grand Rapids 1 - Yellowknife 5
TOP OF THE 8TH
Grand Rapids Dutch Ovens batting - Pitching for Yellowknife Claws : RHP Rob Brennan
Batting: LHB Brad Fuller 0-0: SINGLE (Flyball, 89M)
Batting: RHB Earl Davis 0-0: Ball
1-0: Foul Ball, location: 2F
1-1: Ball
2-1: Fly out, F9 (Flyball, 9LM)
Batting: RHB Rich Bradley 0-0: Ball
1-0: Ball
2-0: Swinging Strike
2-1: Swinging Strike
2-2: Foul Ball, location: 2F
2-2: Strikes out swinging
Batting: LHB Gregory Pérez 0-0: Foul Ball, location: 2F
0-1: Foul Ball, location: 2F
0-2: Fly out, F8 (Line Drive, 8RM)
Top of the 8th over - 0 runs, 1 hit, 0 errors, 1 left on base; Grand Rapids 1 - Yellowknife 5
BOTTOM OF THE 8TH
Yellowknife Claws batting - Pitching for Grand Rapids Dutch Ovens : RHP Luis Reyes
Batting: LHB Ramón Reynoso 0-0: Ball
1-0: Ball
2-0: Ball
3-0: Called Strike
3-1: Ground out 1-3 (Groundball, 13S)
Batting: RHB Mike Morrow 0-0: Called Strike
0-1: Ball
1-1: Ball
2-1: DOUBLE (Line Drive, 9LM)
Batting: RHB Preston Church 0-0: Called Strike
0-1: Swinging Strike
0-2: Ball
1-2: SINGLE (Line Drive, 8RS)
Mike Morrow to third
Batting: LHB Richard Shelton 0-0: Swinging Strike
0-1: Foul Ball, location: 2F
0-2: Ball
1-2: Ball
2-2: Ball
3-2: SINGLE (Groundball, 34D)
Mike Morrow scores
Preston Church to second
Preston Church to third
Batting: RHB Tomás Díaz 0-0: Ball
1-0: Ball
2-0: Foul Ball, location: 2F
2-1: Ball
3-1: SINGLE (Groundball, 4) (infield hit)
Preston Church scores
Richard Shelton to second
Batting: RHB Ernesto Sánchez 0-0: Called Strike
0-1: 3-RUN HOME RUN (Flyball, 7LD), Distance : 352 ft
Batting: LHB Mike Bowers 0-0: Foul Ball, location: 2F
0-1: Ball
1-1: Foul Ball, location: 2F
1-2: Foul Ball, location: 2F
1-2: Ball
2-2: Ball
3-2: Ground out 6-3 (Groundball, 6)
Batting: LHB Otis Campbell 0-0: Ball
1-0: Swinging Strike
1-1: Swinging Strike
1-2: Strikes out swinging
Bottom of the 8th over - 5 runs, 5 hits, 0 errors, 0 left on base; Grand Rapids 1 - Yellowknife 10
TOP OF THE 9TH
Grand Rapids Dutch Ovens batting - Pitching for Yellowknife Claws : RHP Rob Brennan
Batting: RHB Jason Heddon 0-0: Ball
1-0: Ball
2-0: Foul Ball, location: 2F
2-1: Ball
3-1: Foul Ball, location: 2F
3-2: Strikes out swinging
Batting: RHB Juan Valdéz 0-0: Called Strike
0-1: Ball
1-1: Foul Ball, location: 2F
1-2: Ground out 5-3 (Groundball, 56S)
Batting: LHB Robert Wright 0-0: Ground out 5-3 (Groundball, 56S)
Top of the 9th over - 0 runs, 0 hits, 0 errors, 0 left on base; Grand Rapids 1 - Yellowknife 10
Saturday, April 7th, 2018 - OOTP Baseball 18.8 Build 76